 Dungeon Crawl Stone Soup version 0.19.1-1-g22dce08 (webtiles) character file.

4792 Patate the Fighter (level 10, -10/100 HPs)
             Began as a Minotaur Fighter on Jan 20, 2017.
             Was a Priest of Okawaru.
             Mangled by a spiny frog (19 damage)
             ... on level 8 of the Dungeon.
             The game lasted 00:22:35 (7834 turns).

Patate the Fighter (Minotaur Fighter)               Turns: 7834, Time: 00:22:35

Health: -10/100    AC: 13    Str: 25    XL:     10   Next: 24%
Magic:  9/9        EV:  6    Int:  7    God:    Okawaru [***...]
Gold:   83         SH:  9    Dex:  9    Spells: 0 memorised, 9 levels left

rFire  . . .     SeeInvis .     a - +0 war axe
rCold  . . .     Gourm    .     x - +0 chain mail
rNeg   . . .     Faith    .     c - +0 shield
rPois  .         Spirit   .     (helmet restricted)
rElec  .         Reflect  .     (no cloak)
rCorr  .         Harm     .     (no gloves)
MR     .....                    w - +0 pair of boots
Stlth  ..........               s - amulet of rage
                                (no ring)
                                A - +2 ring of intelligence

@: lethally poisoned (-10 -> -33)
A: retaliatory headbutt, horns 2
a: Heroism, Renounce Religion, Evoke Berserk Rage


You were on level 8 of the Dungeon.
You worshipped Okawaru.
Okawaru was most pleased with you.
You were not hungry.

You visited 3 branches of the dungeon, and saw 10 of its levels.

You collected 285 gold pieces.
You spent 202 gold pieces at shops.

Inventory:

Hand Weapons
 a - a +0 war axe (weapon)
 F - a +0 dire flail of crushing
Armour
 c - a +0 shield (worn)
 w - a +0 pair of boots (worn)
 x - a +0 chain mail (worn)
 K - a +0 plate armour
Jewellery
 s - an amulet of rage (around neck)
 A - a +2 ring of intelligence (left hand)
Wands
 d - a wand of disintegration (18/24)
 p - a wand of teleportation (6/9)
 z - a wand of confusion (14/48)
 H - a wand of random effects (42/48)
 J - a wand of slowing (23/48)
Scrolls
 e - a scroll of immolation {unknown}
 g - a scroll of remove curse
 h - 4 scrolls of teleportation
 l - a scroll of recharging {unknown}
 m - a scroll of magic mapping {unknown}
 q - 2 scrolls of identify
 r - a scroll of torment {unknown}
 t - a scroll of random uselessness {unknown}
 u - 2 scrolls of enchant armour {unknown}
 v - 2 scrolls of amnesia {unknown}
 y - a scroll of fear {unknown}
 E - 2 scrolls of blinking
 M - a scroll of noise {unknown}
Potions
 b - 2 potions of flight
 k - 4 potions of curing
 n - 4 potions of heal wounds
 o - 2 potions of magic
 B - a potion of resistance
 C - a potion of invisibility
 D - a potion of ambrosia {unknown}
 I - a potion of agility {unknown}
 L - a potion of might
Comestibles
 f - 3 bread rations
 i - 4 meat rations


   Skills:
 * Level 12.9 Fighting
 + Level 9.0 Axes
 + Level 10.0 Armour
 - Level 3.6 Shields


You had 9 spell levels left.
You didn't know any spells.

Dungeon Overview and Level Annotations

Branches:
Dungeon (8/15)             Temple (1/1) D:4            Lair (1/6) D:8

Altars:
Ashenzari
Cheibriados
Dithmenos
Elyvilon
Fedhas
Gozag
Kikubaaqudgha
Makhleb
Nemelex Xobeh
Okawaru
Qazlal
Ru
Sif Muna
Trog
Vehumet
Xom
Yredelemnul
Zin
The Shining One

Shops:
D:4 ?   D:7 ?


Innate Abilities, Weirdness & Mutations

You reflexively headbutt those who attack you in melee.
You have a pair of horns on your head.


Message History

You slash the spiny frog! The spiny frog stings you! x2
You closely miss the spiny frog. Your headbutt misses the spiny frog.
The spiny frog is moderately wounded.
Your shield and chain mail prevent you from hitting the spiny frog.
The spiny frog stings you!
You are poisoned.
The spiny frog poisons you! You block the spiny frog's attack. x2
The spiny frog stings you!
You feel sick. The spiny frog stings you!
You are more poisoned.
The spiny frog poisons you!
The spiny frog stings you but does no damage.
You climb upwards.
Welcome back to the Dungeon!
* * * LOW HITPOINT WARNING * * *
You feel very sick.
There is a staircase to the Lair here.
You fail to use your ability.
You feel sick. The spiny frog stings you!
* * * LOW HITPOINT WARNING * * *
The spiny frog stings you!!
You die...

##...###.#
##P....##.#
#PPP....#.#
#PPP....#.#
#PPPPP....#


#PPPPP.P..# #PP.......# #P.F.PP..## #P.@.PPP.# #P.FPPP.## #PPPPP..# ##PPPPP##
####### You could see 2 spiny frogs.

Vanquished Creatures
  The ghost of fatfloppyjuicyveiny the Quickloader, a novice TeHu of Okawaru (D:7)
  Pikel (D:4)
  Psyche (D:8)
  A komodo dragon (D:8)
  Sigmund (D:4)
  A wyvern (D:8)
  A hungry ghost (D:8)
  Duvessa (D:7)
  2 orc warriors
  3 ice beasts
  A sky beast (D:8)
  3 ogres
  A phantom (D:7)
  2 crocodiles
  A big kobold (D:8)
  2 bullfrogs
  The ghost of Patate the Sneak, an amateur SpEn (D:3)
  Dowan (D:7)
  2 scorpions
  3 killer bees (D:7)
  2 howler monkeys
  A bullfrog zombie (D:8)
  A crimson imp (D:6)
  A hound (D:6)
  2 bullfrog skeletons
  2 jellies (D:5)
  A centaur skeleton (D:7)
  4 orc priests
  A gnoll shaman (D:7)
  Jessica (D:2)
  2 iguanas
  Ijyb (D:2)
  5 orc wizards
  3 worker ants
  A hound zombie (D:6)
  A hound skeleton (D:6)
  A mummy (D:5)
  10 adders
  16 gnolls
  2 shadow imps
  An adder skeleton (D:4)
  5 worms
  2 dart slugs
  6 leopard geckos
  29 orcs
  8 bats
  6 giant cockroaches
  2 goblins (D:2)
  12 hobgoblins
  28 jackals
  4 quokkas
  2 ball pythons
  7 frilled lizards
  6 kobolds
  A leopard gecko skeleton (D:4)
  A quokka skeleton (D:5)
  A rat (D:2)
209 creatures vanquished.

Vanquished Creatures (others)
  2 plants (D:8)
2 creatures vanquished.

Grand Total: 211 creatures vanquished

Notes
Turn   | Place    | Note
-------+----------+-------------------------------------------
     0 | D:1      | Patate the Minotaur Fighter began the quest for the Orb.
     0 | D:1      | Reached XP level 1. HP: 19/19 MP: 0/0
   158 | D:1      | Reached XP level 2. HP: 25/27 MP: 1/1
   252 | D:1      | Reached skill level 4 in Fighting
   596 | D:2      | Reached XP level 3. HP: 33/33 MP: 2/2
   649 | D:2      | Noticed Ijyb
   657 | D:2      | Killed Ijyb
   676 | D:2      | Noticed Jessica
   678 | D:2      | Killed Jessica
   678 | D:2      | Reached skill level 5 in Fighting
   678 | D:2      | Reached XP level 4. HP: 30/42 MP: 3/3
   886 | D:2      | Reached skill level 5 in Armour
   911 | D:2      | Reached XP level 5. HP: 29/48 MP: 4/4
  1373 | D:3      | Noticed Patate's ghost (amateur SpEn)
  1390 | D:3      | Killed Patate's ghost
  1390 | D:3      | Reached skill level 6 in Fighting
  1637 | D:3      | Found a faded altar of an unknown god.
  1694 | D:3      | Reached XP level 6. HP: 58/58 MP: 5/5
  2252 | D:4      | Found Perof's Magic Scroll Boutique.
  2272 | D:4      | Bought a scroll of remove curse for 33 gold pieces
  2272 | D:4      | Bought a scroll of teleportation for 33 gold pieces
  2359 | D:4      | Noticed Sigmund
  2377 | D:4      | Killed Sigmund
  2377 | D:4      | Reached skill level 7 in Fighting
  2582 | D:4      | Noticed a slave
  2583 | D:4      | Noticed Pikel
  2583 | D:4      | Noticed a slave
  2585 | D:4      | Noticed a slave
  2591 | D:4      | Noticed a slave
  2594 | D:4      | Killed Pikel
  2594 | D:4      | Reached skill level 8 in Fighting
  2594 | D:4      | Reached skill level 5 in Axes
  2594 | D:4      | Reached XP level 7. HP: 53/69 MP: 6/6
  2756 | D:4      | Found a staircase to the Ecumenical Temple.
  2762 | D:4      | Found a shadowy altar of Dithmenos.
  2794 | Temple   | Entered the Ecumenical Temple
  3014 | Temple   | Became a worshipper of Warmaster Okawaru
  3172 | D:5      | Entered Level 5 of the Dungeon
  3177 | D:5      | Reached XP level 8. HP: 77/77 MP: 7/7
  3461 | D:5      | Reached skill level 9 in Fighting
  3589 | D:5      | Found an ancient bone altar of Kikubaaqudgha.
  3714 | D:5      | Found a shimmering altar of Xom.
  3717 | D:5      | Found a sacrificial altar of Ru.
  3720 | D:5      | Found a sparkling altar of Nemelex Xobeh.
  3733 | D:5      | Found a deep blue altar of Sif Muna.
  4109 | D:5      | Found a snail-covered altar of Cheibriados.
  4294 | D:6      | Reached skill level 10 in Fighting
  4505 | D:6      | Found a basalt altar of Yredelemnul.
  4707 | D:7      | Reached * piety under Okawaru
  4896 | D:7      | Found Ujuariur's Magic Scroll Shoppe.
  4905 | D:7      | Bought a scroll of blinking for 97 gold pieces
  4905 | D:7      | Bought a scroll of teleportation for 39 gold pieces
  5007 | D:7      | Noticed Dowan
  5009 | D:7      | Noticed Duvessa
  5010 | D:7      | Noticed fatfloppyjuicyveiny's ghost (novice TeHu)
  5017 | D:7      | Killed Duvessa
  5030 | D:7      | Killed fatfloppyjuicyveiny's ghost
  5030 | D:7      | Reached ** piety under Okawaru
  5030 | D:7      | Reached skill level 11 in Fighting
  5030 | D:7      | Reached XP level 9. HP: 89/89 MP: 8/8
  5037 | D:7      | Killed Dowan
  5755 | D:7      | Found a glowing golden altar of the Shining One.
  6211 | D:8      | Reached skill level 12 in Fighting
  6668 | D:8      | Reached *** piety under Okawaru
  6766 | D:8      | Found a staircase to the Lair.
  6767 | D:8      | Noticed a komodo dragon
  6811 | D:8      | Killed a komodo dragon
  6964 | D:8      | Reached XP level 10. HP: 76/99 MP: 9/9
  7303 | D:8      | Noticed Psyche
  7324 | D:8      | Killed Psyche
  7725 | D:8      | Reached skill level 10 in Armour
  7824 | Lair:1   | Entered Level 1 of the Lair of Beasts
  7824 | Lair:1   | Noticed a spiny frog
  7824 | Lair:1   | Noticed a spiny frog
  7834 | D:8      | Mangled by a spiny frog

Skill      XL: |  1  2  3  4  5  6  7  8  9 10 |
---------------+-------------------------------+-----
Armour         | 4 5 6 8 9 10 | 10.0
Fighting       | 4 5 6 8 11 12 | 12.9
Axes           | 3 4 5 7 8 9 |  9.0
Shields        | |  3.6

Action                   |  1- 3 |  4- 6 |  7- 9 | 10-12 || total
-------------------------+-------+-------+-------+-------++-------
Melee: War axe           |    65 |   143 |   331 |    64 ||   603
       Headbutt          |    12 |    18 |    60 |     9 ||    99
 Abil: Evoke Berserk Rag |       |     1 |     3 |     1 ||     5
  Use: Potion            |     1 |       |       |       ||     1
       Scroll            |       |     3 |     6 |       ||     9
 Stab: Distracted        |       |     1 |       |       ||     1
  Eat: Chunk             |       |     6 |    15 |     1 ||    22
       Fruit             |       |       |     1 |       ||     1
       Royal jelly       |       |       |     1 |       ||     1
       Bread ration      |       |       |       |     1 ||     1
       Pizza             |       |       |       |     1 ||     1
Armor: Scale mail        |    30 |    46 |       |       ||    76
       Chain mail        |       |    13 |   144 |    32 ||   189
Dodge: Dodged            |    14 |    40 |    86 |     9 ||   149
Block: Shield            |    49 |    77 |   151 |    29 ||   306
